Map: Coda LE (Void)

Players

Wintersc2 (Winter) - Winner!

  • Race: Zerg Zerg

Filtersc

  • Race: Terran Terran

VOD

Have the link to the VOD?

Description

Time

  • Played on: April 9, 2015, 8:49 p.m.
  • Length: 9:04
Show
View Real Time Build Order
Export as new Build Order

Wintersc2 Zerg - Winner!

Build Orders: Hatch First, Muta Ling Bane 

Get SALT Encoding   

  12  0:01  Drone  
  13  0:12  Overlord  
  13  0:18  Drone  
  14  0:32  Drone x2  
  14  0:35  Drone  
  17  0:54  Hatchery  
  16  0:57  Drone  
  16  1:02  Drone  
  18  1:14  Spawning Pool  
  18  1:17  Drone  
  18  1:20  Drone  
  19  1:28  Drone, Extractor  
  19  1:39  Drone  
  20  1:50  Overlord  
  20  2:01  Drone  
  20  2:05  Queen x2  
  20  2:07  Zergling x2  
  26  2:11  Drone  
  27  2:18  Drone  
  27  2:22  Drone  
  29  2:27  Metabolic Boost  
  29  2:29  Drone  
  30  2:34  Drone  
  31  2:39  Drone  
  32  2:50  Drone x2  
  34  3:10  Drone  
  34  3:11  Drone  
  36  3:13  Hatchery  
  36  3:14  Roach Warren  
  36  3:19  Lair  
  35  3:23  Overlord, Zergling x2  
  35  3:27  Overlord  
  35  3:31  Drone  
  36  3:37  Drone x2, Extractor x2  
  36  3:42  Overlord  
  36  3:43  Drone x4  
  36  3:48  Drone  
  41  3:51  Drone x2  
  41  3:53  Drone  
  41  3:54  Drone x2  
  46  3:58  Evolution Chamber  
  46  3:59  Evolution Chamber  
  44  4:05  Drone x4  
  48  4:17  Extractor  
  48  4:19  Drone x3, Spire  
  48  4:20  Drone  
  48  4:22  Drone  
  51  4:27  Queen  
  53  4:32  Zergling x2  
  53  4:34  Baneling Nest  
  53  4:38  Zergling x6  
  56  4:40  Zergling x2  
  56  4:42  Zergling x4  
  59  4:46  Overlord  
  59  4:54  Zergling x2  
  59  4:55  Queen  
  59  4:58  Zerg Melee Weapons Level 1  
  62  5:08  Queen  
  62  5:11  Zerg Ground Armor Level 1  
  64  5:17  Overlord  
  63  5:33  Mutalisk x4  
  63  5:34  Mutalisk  
  72  5:35  Drone  
  72  5:36  Drone x6  
  72  5:37  Drone  
  72  5:40  Drone  
  72  5:42  Overlord  
  81  5:47  Zerg Flyer Weapons Level 1  
  80  5:59  Drone x2  
  80  6:01  Mutalisk x2  
  80  6:02  Extractor  
  80  6:03  Drone x2  
  87  6:04  Extractor  
  87  6:09  Zergling x8  
  88  6:18  Zergling x4  
  89  6:27  Zergling x2  
  89  6:30  Drone  
  89  6:34  Centrifical Hooks  
  89  6:35  Overlord, Drone  
  89  6:36  Overlord x2  
  90  6:45  Overlord  
  90  6:47  Pneumatized Carapace  
  90  6:50  Overseer  
  90  6:54  Overlord  
  90  6:57  Mutalisk x2  
  90  6:58  Mutalisk  
  90  7:00  Drone x2  
  90  7:01  Zergling x4  
  100  7:04  Zergling x2  
  100  7:06  Zergling x4  
  100  7:07  Zergling x4  
  105  7:09  Zergling x2  
  105  7:10  Mutalisk x2  
  105  7:12  Zergling x2  
  111  7:16  Zergling x6  
  111  7:20  Overlord  
  114  7:25  Mutalisk  
  114  7:26  Overlord  
  116  7:32  Mutalisk  
  116  7:33  Mutalisk x2  
  122  7:48  Overlord  
  122  7:52  Drone  
  122  7:53  Mutalisk  
  122  7:55  Mutalisk  
  127  8:00  Hatchery  
  126  8:07  Mutalisk x2  
  126  8:11  Zergling x8  
  126  8:12  Zergling x8  
  138  8:16  Baneling  
  138  8:17  Baneling x4  
  138  8:18  Drone  
  138  8:19  Drone  
  140  8:25  Zergling x2  
  141  8:33  Zergling x10  
  146  8:35  Overlord x2  
  146  8:44  Baneling x2  
  146  8:45  Overlord, Baneling x3  
Show
View Real Time Build Order
Export as new Build Order

Filtersc Terran 

Build Orders: Reaper Expand, Siege Tank Drop 

Get SALT Encoding   

  12  0:00  SCV  
  13  0:13  SCV  
  14  0:18  Supply Depot  
  14  0:27  Refinery  
  14  0:28  SCV  
  15  0:43  Barracks  
  15  0:46  SCV  
  16  0:59  SCV  
  17  1:11  SCV  
  18  1:31  Reaper, Orbital Command  
  19  1:45  Command Center  
  19  1:57  SCV  
  19  2:01  Factory  
  20  2:09  SCV  
  20  2:13  Refinery  
  21  2:16  Supply Depot  
  21  2:19  Barracks Reactor  
  21  2:24  SCV  
  22  2:36  SCV  
  23  2:46  Factory Tech Lab  
  23  2:55  SCV  
  23  2:56  Starport  
  23  2:59  Orbital Command  
  23  3:00  Supply Depot  
  23  3:06  Marine x2  
  23  3:07  SCV  
  26  3:19  SCV  
  27  3:24  Marine x2  
  29  3:31  SCV  
  29  3:34  SCV  
  31  3:37  Siege Tank  
  34  3:43  SCV  
  34  3:46  SCV, Bunker  
  36  3:48  Marine x2  
  39  3:55  SCV  
  39  3:58  SCV  
  39  4:02  Medivac  
  42  4:06  Marine x2  
  42  4:07  SCV  
  44  4:10  SCV  
  44  4:16  Supply Depot  
  45  4:19  SCV  
  45  4:22  SCV  
  47  4:27  Siege Tank  
  47  4:28  Marine  
  51  4:32  SCV  
  51  4:34  Supply Depot  
  51  4:35  Supply Depot  
  51  4:36  Barracks, Medivac  
  54  4:40  SCV  
  54  4:45  SCV  
  56  4:51  Refinery  
  56  4:52  SCV, Refinery  
  57  4:55  Marine  
  57  4:56  Marine  
  57  4:57  SCV  
  60  5:04  SCV  
  61  5:12  SCV  
  61  5:13  Marine x2  
  61  5:14  Command Center  
  64  5:17  SCV, Supply Depot  
  65  5:31  Marine x2  
  68  5:37  Barracks Tech Lab  
  68  5:39  SCV  
  68  5:40  SCV  
  69  5:49  Marine x2  
  71  5:51  SCV, Engineering Bay x2  
  71  5:52  SCV, Starport Reactor  
  71  5:53  Widow Mine  
  71  5:55  Barracks x2  
  75  6:02  Missile Turret  
  75  6:03  SCV  
  77  6:04  SCV  
  77  6:09  Missile Turret  
  72  6:13  Marine x3  
  72  6:15  SCV  
  72  6:16  SCV  
  72  6:18  Terran Infantry Armor Level 1, Stimpack  
  74  6:31  Orbital Command, Marine x3  
  74  6:32  SCV x2  
  76  6:34  Missile Turret  
  76  6:35  Widow Mine  
  74  6:40  Medivac  
  74  6:43  Barracks Reactor x2  
  74  6:46  Missile Turret  
  76  6:51  SCV  
  77  6:57  SCV  
  78  7:01  Supply Depot  
  78  7:02  Marine x2  
  78  7:04  Marine  
  73  7:20  Marine x2  
  73  7:22  Marine  
  73  7:33  Marine  
  73  7:34  Marine x3  
  77  7:38  Marine x2  
  77  7:39  Marine  
  77  7:40  Armory  
  80  7:44  Widow Mine  
  80  7:46  Medivac x2  
  80  7:48  Orbital Command  
  86  7:56  Factory, Marine x2  
  86  7:57  SCV, Barracks x3  
  89  8:00  Armory  
  89  8:09  Marine  
  89  8:10  Marine x4  
  92  8:13  Widow Mine  
  92  8:14  Marine x2  
  92  8:16  Medivac x2  
  92  8:17  SCV  
  101  8:23  SCV, Supply Depot  
  101  8:24  SCV, Supply Depot  
  103  8:27  Marine x2  
  103  8:29  SCV  
  106  8:34  Marine x2  
  106  8:35  SCV  
  109  8:42  Missile Turret  
  109  8:43  SCV x2, Marine x2  
  109  8:46  Barracks Reactor  
  109  8:47  Barracks Tech Lab x2  
  109  8:48  Factory Reactor  
Tags
 
Add a new tag
Caveats
  • Supply blocks, unpowered buildings, or Contaminate may cause inaccurate times.
  • Supply counts are checked every 10 seconds.